 Dungeon Crawl Stone Soup version 0.29.0-4-gdea44cf6ec (webtiles) character file.

Game seed: 10854807784671246241

111 qw the Chopper (level 4, 0/25 (26) HPs)
             Began as a Tengu Warper on Aug 28, 2022.
             Slain by a necrophage (1 damage)
             ... on level 4 of the Dungeon.
             The game lasted 00:00:16 (3185 turns).

qw the Chopper (Tengu Warper)                       Turns: 3185, Time: 00:00:16

HP:   0/25 (26)     AC: 12    Str: 13    XL:     4   Next: 92%
MP:   8/8           EV:  6    Int: 14    God:
Gold: 125           SH:  0    Dex: 13    Spells: 7/7 levels left

rFire   . . .      SeeInvis .   Y - +1 hand axe
rCold   . . .      Faith    .   (no shield)
rNeg    . . .      Spirit   .   d - +0 chain mail
rPois   .          Reflect  .   (helmet restricted)
rElec   .          Harm     .   (no cloak)
rCorr   .          Rampage  .   (no gloves)
Will    .....                   (boots unavailable)
Stlth   ..........              (no amulet)
HPRegen 0.08/turn               h - +4 ring of protection
MPRegen 0.11/turn               (no ring)

@: lightly drained
A: beak, talons 3
a: no special abilities


You were on level 4 of the Dungeon.
You visited 1 branch of the dungeon, and saw 4 of its levels.

You collected 125 gold pieces.


Innate Abilities, Weirdness & Mutations

You have a beak for a mouth.
You have claws for feet.


   Skills:
 - Level 2.0 Fighting
 + Level 5.4 Axes
 - Level 1.0 Throwing
 - Level 1.1 Armour
 - Level 2.1 Dodging
 - Level 2.0 Spellcasting
 - Level 2.4 Translocations


You had 7 spell levels left.
You didn't know any spells.
Your spell library contained the following spells:

 Spells                   Type           Power      Damage    Failure   Level
 Blink                    Tloc           16%        N/A       99%         2
 Gell's Gravitas          Tloc           8%         N/A       100%        3
 Lesser Beckoning         Tloc           8%         N/A       100%        3
 Teleport Other           Tloc           8%         N/A       100%        3
 Manifold Assault         Tloc           8%         N/A       100%        5

Inventory:

Hand Weapons
 j - a +0 whip
 Y - a +1 hand axe (weapon)
Armour
 d - a +0 chain mail (worn)
Jewellery
 h - a +4 ring of protection (left hand)
Scrolls
 a - a scroll of identify
Potions
 b - a potion of magic {unknown}
 c - a potion of degeneration {unknown}
 e - a potion of heal wounds {unknown}
 f - a potion of berserk rage {unknown}
 i - a potion of curing
 l - a potion of resistance {unknown}

Dungeon Overview and Level Annotations

Branches:
Dungeon (4/15)
 Temple: D:4-7

Altars:
Ashenzari
Uskayaw


Message History

The orc barely misses you.
The necrophage hits you but does no damage.
The orc hits you but does no damage.
You barely miss the orc. Your kick misses the orc.
The orc is almost dead.
You hit the necrophage. You hit the orc. The orc hits you but does no damage.
The necrophage barely misses you. The orc barely misses you.
You closely miss the orc.
The orc is almost dead.
You barely miss the necrophage. You hit the orc. The orc barely misses you.
The necrophage hits you.
You feel drained. The orc barely misses you.
You hit the orc.
You kill the orc!
You barely miss the necrophage. You hit the orc.
You kill the orc!
The necrophage barely misses you.
Your life force feels restored.
You closely miss the necrophage. You claw the necrophage.
The necrophage is lightly damaged.
The necrophage hits you.
You hit the necrophage. You claw the necrophage.
The necrophage is moderately damaged.
The necrophage hits you but does no damage.
You hit the necrophage.
The necrophage is heavily damaged.
The necrophage barely misses you.
You hit the necrophage but do no damage.
You peck the necrophage, but do no damage.
The necrophage is heavily damaged.
The necrophage hits you.
You hit the necrophage. Your kick misses the necrophage.
You peck the necrophage.
The necrophage is severely damaged.
The necrophage barely misses you.
You barely miss the necrophage.
The necrophage is severely damaged.
The necrophage hits you.
You feel drained.
You die...

# ..... ....# #.#.#
#.#...# ####.# #.#.#
##.#...#### #.# #....
#.........## #.#####.#
#n.........# #........
...........# #.#.#.#.#
#.####...###.###.<.....#
#.[....))%.......#.#.###
#####n@..##)###........
####.##.# ###.####.
#.##.# #...... ...#.#
######. .#...# #. #.
.### #. ## ## #. #.


You could see a necrophage.

Vanquished Creatures
  3 adders
  3 worms
  2 dart slugs (D:2)
  4 orcs (D:4)
  7 ball pythons
  6 bats
  4 endoplasms
  2 giant cockroaches
  7 goblins
  8 hobgoblins
  5 jackals
  2 quokkas (D:2)
  A frilled lizard (D:3)
  6 kobolds
  A rat (D:2)
61 creatures vanquished.

Vanquished Creatures (others)
  10 fungi (D:3)
  5 plants (D:3)
15 creatures vanquished.

Grand Total: 76 creatures vanquished

Notes
Turn   | Place    | Note
-------+----------+-------------------------------------------
     0 | D:1      | qw the Tengu Warper began the quest for the Orb.
     0 | D:1      | Reached XP level 1. HP: 12/12 MP: 4/4
     0 | D:1      | 0 ||| qw: Version: 0.1-a-89-g26bdef1
     0 | D:1      | 0 ||| qw: Game counter: 269
     0 | D:1      | 0 ||| qw: Always use a shield: true
     0 | D:1      | 0 ||| qw: God list: Okawaru
     0 | D:1      | 0 ||| qw: Allow faded altars: false
     0 | D:1      | 0 ||| qw: Do Orc after D:15 true
     0 | D:1      | 0 ||| qw: Do second Lair branch before Depths: true
     0 | D:1      | 0 ||| qw: Lair rune preference: random
     0 | D:1      | 0 ||| qw: Plans: Normal
     0 | D:1      | 0 ||| PLANNING D:1-11
   393 | D:1      | Reached skill level 3 in Axes
   393 | D:1      | Reached XP level 2. HP: 17/17 MP: 6/6
   834 | D:1      | 834 ||| UPGRADING to +0 chain mail.
   844 | D:1      | 844 ||| DROPPING +0 leather armour.
   845 | D:1      | 845 ||| UPGRADING to +4 ring of protection.
   846 | D:1      | 846 ||| READING scroll labelled WOLAJ LISAUNEX.
   847 | D:1      | 847 ||| READING scroll labelled EBROVAMEKAE.
   848 | D:1      | 848 ||| DRINKING 2 cyan potions.
   849 | D:1      | 849 ||| DROPPING scroll of blinking.
  1136 | D:2      | 1136 ||| Stepping ~*~*~tactically~*~*~ (stealth).
  1140 | D:2      | Reached XP level 3. HP: 19/21 MP: 7/7
  1150 | D:2      | 1150 ||| Stepping ~*~*~tactically~*~*~ (stealth).
  1166 | D:2      | 1166 ||| Stepping ~*~*~tactically~*~*~ (hiding).
  1167 | D:2      | 1167 ||| Stepping ~*~*~tactically~*~*~ (hiding).
  1305 | D:2      | Reached skill level 4 in Axes
  1551 | D:2      | HP: 5/21 [poisoned by an adder]
  1896 | D:2      | Reached XP level 4. HP: 26/26 MP: 8/8
  1908 | D:2      | 1908 ||| Stepping ~*~*~tactically~*~*~ (stealth).
  1956 | D:2      | 1956 ||| Stepping ~*~*~tactically~*~*~ (stealth).
  2309 | D:2      | 2309 ||| READING scroll labelled BYULLU TETZOH.
  2314 | D:2      | 2314 ||| READING scroll labelled QYNKAC HOCHOD.
  2421 | D:3      | Found a hide-covered altar of Uskayaw.
  2517 | D:3      | Reached skill level 5 in Axes
  2705 | D:3      | 2705 ||| Stepping ~*~*~tactically~*~*~ (stealth).
  2707 | D:3      | 2707 ||| Stepping ~*~*~tactically~*~*~ (stealth).
  3026 | D:3      | Found a faded altar of an unknown god.
  3031 | D:3      | 3031 ||| DROPPING ring of wizardry.
  3032 | D:3      | 3032 ||| READING scroll labelled RACIDE ZEFOT.
  3033 | D:3      | 3033 ||| DRINKING 2 red potions.
  3034 | D:3      | 3034 ||| DROPPING potion of flight.
  3133 | D:4      | Found a broken altar of Ashenzari.
  3165 | D:4      | 3165 ||| Stepping ~*~*~tactically~*~*~ (stealth).
  3167 | D:4      | Noticed a necrophage
  3168 | D:4      | 3168 ||| Stepping ~*~*~tactically~*~*~ (stealth).
  3169 | D:4      | 3169 ||| Stepping ~*~*~tactically~*~*~ (stealth).
  3183 | D:4      | HP: 6/26 [necrophage (4)]
  3185 | D:4      | HP: 1/26 [necrophage (5)]
  3185 | D:4      | Slain by a necrophage

Levels and vault maps discovered:
D:1:      amcnicky_arrival_flooded_fountain, layout_loops_ring
D:2:      minmay_skewed_foursquare, layout_basic,
          nicolae_concentric_dashed_squares_mild, minmay_misc_feat_cross
D:3:      layout_basic, mainiacjoe_overflow_surrounded_room,
          shapermc_ecumenical_altar_hornbeckon
D:4:      layout_loops_ring, cheibrodos_ashenzari_chains, nrook_mini_vaults,
          minmay_manual_macuahuitl, uniq_robin

Skill      XL: |  1  2  3  4 |
---------------+-------------+-----
Axes           | 3 4 5 |  5.4
Fighting       | |  2.0
Throwing       | |  1.0
Armour         | |  1.1
Dodging        | |  2.1
Spellcasting   | |  2.0
Translocations | |  2.4

Action                   |  1- 3 |  4- 6 || total
-------------------------+-------+-------++-------
Melee: Hand axe          |    68 |    78 ||   146
       Kick              |    19 |    22 ||    41
       Peck              |     8 |    10 ||    18
Throw: Boomerang         |     7 |       ||     7
  Use: Scroll            |     2 |     3 ||     5
       Potion            |     1 |     1 ||     2
Armor: Leather armour    |     3 |       ||     3
       Chain mail        |    21 |    47 ||    68
Dodge: Dodged            |    25 |    33 ||    58

Table legend:
 A = Non-vault XP
 B = Vault XP
 C = Vault XP percentage of total XP
 D = Non-vault monster count
 E = Vault monster count
 F = Vault count percentage of total count
                 A         B        C        D         E       F
            +---------+---------+-------+---------+---------+-------
      Total |     146 |      13 |   8.2 |      57 |       4 |   6.6
            +---------+---------+-------+---------+---------+-------
        D:1 |      18 |       0 |   0.0 |      10 |       0 |   0.0
        D:2 |      69 |      13 |  15.9 |      25 |       4 |  13.8
        D:3 |      41 |       0 |   0.0 |      15 |       0 |   0.0
        D:4 |      18 |       0 |   0.0 |       7 |       0 |   0.0
            +---------+---------+-------+---------+---------+-------
